[Event "*** Titled Tuesday Blitz"]
[Site "Chess.com"]
[Date "2021.04.27"]
[Round "6"]
[White "MikeSailer"]
[Black "fyall777"]
[Result "1/2-1/2"]
[WhiteElo "2190"]
[BlackElo "2407"]
[TimeControl "180+1"]
[EndTime "11:07:39 PDT"]
[Termination "Game drawn by agreement"]

1. d4 Nf6 2. Nf3 g6 3. Bf4 Bg7 4. e3 d6 5. Be2 c5 6. O-O Nbd7 7. h3 O-O 8. c4 b6 9. Nc3 Bb7 10. a4 Re8 11. a5 e5 12. Bh2 Ne4 13. Nxe4 Bxe4 14.
dxe5 Nxe5 15. Nxe5 dxe5 16. Bf3 Bxf3 17. Qxf3 e4 18.
Qe2 Qd3 19. Qxd3 exd3 20. Ra2 Rad8 21. Rd1 Re4 22. b3 Re6 23. Bc7 Rd7 24. axb6 axb6 25. Ra8+ Bf8 26. Bf4 Kg7 27. Kf1 Be7 28. Ke1 b5 29. Kd2 bxc4 30. bxc4 Rb6 31. Ra2 Bf6 32. Rc1 Rb3 33. g4 g5 34. Bg3 h5 35. gxh5 Kh6 36.
f4 Kxh5 37. fxg5 Bxg5 38. Bf4 Bxf4 39. exf4 Re7 40. Re1 Rxe1 41. Kxe1 Rc3 42. Kd2 Rxc4 43. Kxd3 Rxf4 44. Ke3 Rh4 45. Rh2 c4 46. Rh1 f5 47.
Rh2 Re4+ 48. Kf3 Kh4 49. Rh1 c3 50. Rh2 Rc4 51. Rc2 Kxh3 52. Ke3 f4+ 53. Kf3 Rd4 54. Rxc3 Kh4 1/2-1/2

[Event "*** Titled Tuesday Blitz"]
[Site "Chess.com"]
[Date "2021.04.27"]
[Round "6"]
[White "CSB7"]
[Black "laboratorio25"]
[Result "1/2-1/2"]
[WhiteElo "2736"]
[BlackElo "2545"]
[TimeControl "180+1"]
[EndTime "11:07:40 PDT"]
[Termination "Game drawn - insufficient material"]

1. e4 c5 2. Nf3 d6 3. d4 cxd4 4. Nxd4 Nf6 5. Nc3 a6 6. Qe2 e5 7. Nf5 g6 8. Ne3 Bg7 9. Ned5 Nxd5 10. Nxd5 Be6 11. Qd3 Nc6 12. c3 O-O 13. g3 Bxd5 14. Qxd5 Qd7 15. Bg2 Rfd8 16. O-O Ne7 17. Qb3 Rac8 18.
Bg5 h6 19. Be3 Nc6 20. Bb6 Re8 21. Rad1 Bf8 22. h4 Qe6 23. Kh2 Qxb3 24. axb3 Nb8 25. b4 Nd7 26. Be3 Nf6 27. f3 Be7 28. Bxh6 Red8 29. Bg5 Ra8 30. Ra1 d5 31. exd5 Nxd5 32. Bxe7 Nxe7 33. f4 Rd2 34. Kg1 Rb8 35. Rf2 Rxf2 36.
Kxf2 exf4 37. gxf4 Nf5 38. h5 gxh5 39. Rh1 Rd8 40.
Bxb7 Rd2+ 41. Kf3 Rxb2 42. Rxh5 Nd6 43. Bxa6 f5 44. Bd3 Rb3 45. Rh6 Ne4 46. Bxe4 Rxc3+ 47. Ke2 fxe4 48. b5 Rb3 49. b6 Kf7 50. Rc6 Ke7 51.
f5 Kf7 52. Kf2 Ke7 53. Ke2 Kf7 54. Rh6 Ke7 55. b7 Kf7 56. Rh7+ Kf6 57. Rh6+ Kxf5 58. Rh7 Kf4 59. Rf7+ Ke5 60. Re7+ Kd4 61. Rd7+ Kc5 62.
Rc7+ Kd6 63. Rf7 Kc6 64. Rf6+ Kxb7 65. Re6 Rb4 66. Ke3 Kc7 67. Rxe4 Rxe4+ 68. Kxe4 1/2-1/2

[Event "*** Titled Tuesday Blitz"]
[Site "Chess.com"]
[Date "2021.04.27"]
[Round "6"]
[White "gxbg2000"]
[Black "FMalexhdez"]
[Result "1/2-1/2"]
[WhiteElo "1965"]
[BlackElo "2257"]
[TimeControl "180+1"]
[EndTime "11:07:41 PDT"]
[Termination "Game drawn - insufficient material"]

1. e4 c5 2. f4 d6 3. Nf3 Nc6 4.
c3 g6 5. d3 Bg7 6. Be2 e5 7. O-O Nge7 8. Na3 O-O 9. Nc2 d5 10.
exd5 Nxd5 11. fxe5 Nxe5 12. Nxe5 Bxe5 13. Bh6 Re8 14. Bf3 Be6 15. Qd2 Qc7 16. g3 Rad8 17. Rae1 Bh3 18. Bg2 Bxg2 19. Kxg2 Nf6 20. Bf4 Qc6+ 21.
Kg1 Ng4 22. Ne3 Bxf4 23. Rxf4 Nxe3 24. Rxe3 Rxe3 25. Qxe3 Re8 26. Qf2 Qe6 27. Kg2 b6 28. h3 f5 29. b3 Qd5+ 30. Rf3 Qe5 31. d4 cxd4 32. cxd4 Qe1 33. Qxe1 Rxe1 34. Rd3 Kf7 35. Kf3 Ke6 36. h4 Ra1 37. d5+ Kd6 38. a4 Re1 39. Kf4 h6 40. Kf3 Re5 41. g4 Rxd5 42. Re3 fxg4+ 43.
Kxg4 Rd4+ 44. Kg3 a5 45. Rc3 Rb4 46. Rf3 Ke6 47. Re3+ Kf5 48. Rf3+ Ke5 49. Re3+ Re4 50. Rc3 g5 51. hxg5 hxg5 52. Rd3 Rd4 53. Re3+ Kd5 54.
Rf3 Kc5 55. Rf5+ Rd5 56. Rf3 Kb4 57. Kg4 Rc5 58. Rf6 Kxb3 59. Rxb6+ Kxa4 60. Rb8 Ka3 61. Rb6 a4 62. Rb8 Ka2 63. Rb7 a3 64. Rb8 Ka1 65.
Rb7 a2 66. Rb6 Rc2 67. Kxg5 Rb2 68. Rf6 Kb1 69. Rf1+ Kc2 70. Rf2+ Kb3 71. Rf3+ Ka4 72. Rf4+ Rb4 73. Rf1 Rb1 74. Rf4+ Kb5 75. Rf5+ Kc4 76.
Rf4+ Kc3 77. Rf3+ Kd2 78. Rf2+ Kc3 79. Rxa2 Rb5+ 80. Kf4 Rb4+ 81. Ke5 Rb3 82. Rg2 Rb2 83. Rxb2 Kxb2 1/2-1/2

[Event "*** Titled Tuesday Blitz"]
[Site "Chess.com"]
[Date "2021.04.27"]
[Round "6"]
[White "Sergey85Rodchenkov"]
[Black "starworld123"]
[Result "0-1"]
[WhiteElo "2525"]
[BlackElo "2761"]
[TimeControl "180+1"]
[EndTime "11:07:42 PDT"]
[Termination "starworld123 won by resignation"]

1. e4 e5 2. Nf3 Nc6 3. Bc4 Bc5 4.
d3 Nf6 5. O-O O-O 6. Re1 d6 7.
c3 Re8 8. Bg5 h6 9. Bh4 Bb6 10.
Nbd2 Be6 11. Bxe6 Rxe6 12. Nc4 g5 13. Bg3 Qe8 14. a4 a6 15. Nxb6 cxb6 16. Qb3 Nd7 17. h4 Nc5 18. Qc2 g4 19. Nd2 Rc8 20. Nc4 Nd7 21.
Ne3 h5 22. Nf5 Ne7 23. Ne3 Qf8 24. Qb3 Nc5 25. Qd1 f5 26. exf5 Nxf5 27. d4 Nxg3 28. dxc5 Ne4 29. Re2 Nxc5 30. Qd5 Qf7 31. b4 Nd7 32.
Qxb7 Rf8 33. Rd1 Rf6 34. Rdd2 g3 35. fxg3 Qg7 36. Kh2 Kh8 37. Qe4 Rg8 38. Nf5 Qg6 39. Rf2 Rgf8 40. Qb7 Rxf5 41. Rxf5 Qxf5 42. Rxd6 Nf6 43.
Qe7 Ng4+ 44. Kh3 Nf6+ 45. Kh2 Ng4+ 46. Kh3 Rg8 47. Rd8 Nf6+ 48. Kh2 e4 49. Rxg8+ Kxg8 50. Qd8+ Kf7 51. Qc7+ Kg6 52. Qxb6 e3 53. Kg1 Qf2+ 54. Kh2 Qf5 55. Kg1 e2 56. Qf2 Qb1+ 57. Kh2 Ng4+ 0-1

[Event "*** Titled Tuesday Blitz"]
[Site "Chess.com"]
[Date "2021.04.27"]
[Round "6"]
[White "Ind1anStar"]
[Black "chessprincesa1"]
[Result "0-1"]
[WhiteElo "2494"]
[BlackElo "2328"]
[TimeControl "180+1"]
[EndTime "11:07:42 PDT"]
[Termination "chessprincesa1 won by resignation"]

1. d4 Nf6 2. Nf3 g6 3. Bf4 Bg7 4. e3 d6 5. h3 O-O 6. Be2 Nfd7 7. O-O e5 8. Bh2 c6 9. Nbd2 Qe7 10. c3 e4 11. Ne1 f5 12. Nc4 d5 13. Bd6 Qf7 14.
Bxf8 Qxf8 15. Nd2 f4 16. exf4 Qxf4 17. Nc2 Nf6 18. Ne3 Nbd7 19. Re1 Nf8 20. Ndf1 g5 21. Ng3 Ng6 22. Bg4 Bxg4 23. Nxg4 Rd8 24. Nxf6+ Qxf6 25. Qg4 Rf8 26. Rf1 Nh4 27. Nh5 Qg6 28. Nxg7 Kxg7 29. Qg3 h5 30. Qe5+ Kh6 31. Rac1 g4 32. Qg3 Qg5 33. c4 Nf5 34. h4 Qxc1 35. Rxc1 Nxg3 36.
fxg3 dxc4 37. Rxc4 Kg6 38. Rb4 Rf7 39. a4 Kf5 40.
Kf2 Ke6+ 41. Ke3 Kd5 42. Rb3 b6 43. a5 Rb7 44. Rc3 c5 45. dxc5 bxc5 46. Rc2 Rb3+ 47. Kf4 Kd4 48. a6 e3 49. Kg5 Kd3 50. Rxc5 e2 51.
Rd5+ Ke3 52. Re5+ Kd2 53. Rd5+ Rd3 54. Rxd3+ Kxd3 55. Kxh5 e1=Q 56. Kxg4 Qb4+ 57. Kh3 Qxb2 58. h5 Qf6 59. g4 Ke4 60. g3 Kf3 61. Kh2 Kxg4 62. h6 Qb2+ 63. Kg1 Kxg3 0-1

[Event "*** Titled Tuesday Blitz"]
[Site "Chess.com"]
[Date "2021.04.27"]
[Round "6"]
[White "Caterpiller35"]
[Black "azikom"]
[Result "0-1"]
[WhiteElo "2488"]
[BlackElo "2652"]
[TimeControl "180+1"]
[EndTime "11:07:43 PDT"]
[Termination "azikom won on time"]

1. d4 d5 2. Bf4 e6 3. e3 Bd6 4.
Bg3 Ne7 5. c4 c5 6. Nc3 O-O 7. Nf3 cxd4 8. Qxd4 Nbc6 9. Qh4 Bb4 10. Bd3 h6 11. O-O Bxc3 12. bxc3 dxc4 13. Bxc4 Nf5 14. Qxd8 Rxd8 15. Rfd1 Nxg3 16. hxg3 Bd7 17. Rab1 Na5 18. Bb5 Bxb5 19. Rxd8+ Rxd8 20. Rxb5 b6 21. Nd4 Rc8 22. Ne2 Kf8 23. Kf1 Ke7 24. Ke1 Rc4 25.
Rb4 Rc5 26. g4 h5 27. gxh5 Rxh5 28. g3 Rh1+ 29. Kd2 Ra1 30. Ra4 Kd6 31. Nd4 a6 32.
Nc2 Rf1 33. Ke2 Rb1 34. Nb4 Rb2+ 35. Kf3 f5 36. Nxa6 Nc6 37. Nb4 Ne5+ 38. Kg2 g5 39. Ra6 Ng4 40. Rxb6+ Ke7 41. Nd3 Rd2 42. Nc5 e5 43. a4 Nxf2 44. Kf1 Ng4 45. Rb7+ Kf6 46. Rb6+ Kf7 47. Rb7+ Kg6 48. Rb6+ Kh5 49. a5 Nxe3+ 50. Ke1 Ra2 51. a6 f4 52. gxf4 exf4 53. Ne4 f3 54. Nd2 Kg4 55. Rb4+ Kg3 56. Ne4+ Kg2 0-1

[Event "*** Titled Tuesday Blitz"]
[Site "Chess.com"]
[Date "2021.04.27"]
[Round "6"]
[White "GMJustin"]
[Black "gonzaga23"]
[Result "1-0"]
[WhiteElo "2309"]
[BlackElo "2465"]
[TimeControl "180+1"]
[EndTime "11:07:43 PDT"]
[Termination "GMJustin won by resignation"]

1. e4 c6 2. d4 d5 3. e5 Bf5 4. Be3 e6 5. Nd2 Nd7 6. c3 c5 7. f4 cxd4 8. cxd4 Bb4 9. Nf3 Ne7 10.
Be2 Bg4 11. O-O Nf5 12. Bf2 Bxd2 13. Qxd2 Qb6 14. h3 Bxf3 15. Bxf3 h5 16. g3 Rc8 17. Rac1 Ke7 18. Kg2 g6 19. Rxc8 Rxc8 20. g4 hxg4 21. hxg4 Ng7 22. Bh4+ f6 23. exf6+ Nxf6 24. f5 Rh8 25.
Qg5 Qxd4 26. fxe6 Nxe6 27. Qxf6+ Qxf6 28. Bxf6+ Kxf6 29. Bxd5+ Ke5 30. Bxb7 Nf4+ 31. Kg1 Rb8 32.
Re1+ Kf6 33. g5+ Kxg5 34. Re7 Rd8 35. b4 Rd1+ 36. Kf2 Rd2+ 37. Kf3 Nd3 38. Ke3 Rd1 39.
Rd7 Nb2 40. Rxd1 Nxd1+ 41. Kd4 Kf4 42. b5 g5 43. a4 Nf2 44. a5 Ng4 45. b6 axb6 46. a6 Ne5 47. a7 g4 48. a8=Q g3 49.
Bg2 Ng4 50. Qf8+ Kg5 51. Kd3 Kh4 52. Kd2 Nf2 53. Qh8+ Kg4 54. Qg7+ Kf4 55. Ke2 Ng4 56.
Qf7+ Kg5 57. Qf3 Kh4 58. Qf4 b5 59. Kf3 Kh5 60. Qxg4+ 1-0

[Event "*** Titled Tuesday Blitz"]
[Site "Chess.com"]
[Date "2021.04.27"]
[Round "6"]
[White "dodorox"]
[Black "malakismayil"]
[Result "1/2-1/2"]
[WhiteElo "2124"]
[BlackElo "2249"]
[TimeControl "180+1"]
[EndTime "11:07:43 PDT"]
[Termination "Game drawn by repetition"]

1. d4 Nf6 2. c4 e6 3. Nc3 Bb4 4. Bd2 O-O 5. e3 b6 6. Rc1 Bb7 7. Nf3 d6 8. Bd3 Nbd7 9. Qc2 h6 10. a3 Bxc3 11. Bxc3 Qe7 12. e4 e5 13. d5 a5 14.
b4 axb4 15. axb4 Ra3 16. O-O Rfa8 17. Ra1 Qd8 18. Qb2 Rxa1 19. Rxa1 Rxa1+ 20. Qxa1 Qa8 21. Qxa8+ Bxa8 22. Kf1 Kf8 23. Nd2 Ke7 24. Ke2 Nh5 25.
g3 g6 26. Nb3 Ng7 27. f3 f5 28.
Bd2 g5 29. exf5 Nh5 30. Be4 Ndf6 31. g4 Nf4+ 32. Bxf4 gxf4 33. Bd3 b5 34. cxb5 Nxd5 35. Be4 Nc3+ 36. Kd3 Bxe4+ 37. fxe4 Nxb5 38. h4 Kf6 39. Ke2 Nc3+ 40. Kf3 Nb1 41. Ke2 Nc3+ 42. Kf3 c6 43.
Na5 d5 44. Nxc6 dxe4+ 45. Kf2 e3+ 46. Ke1 f3 47. g5+ hxg5 48. hxg5+ Kxf5 49. g6 Kxg6 50. Nxe5+ Kf5 51. Nxf3 Ke4 52. Nd2+ Kd3 53. Nf3 Nd5 54. b5 Nf4 55. Ne5+ Ke4 56. Ng4 Kf3 57. Ne5+ Ke4 58. Ng4 Nd3+ 59. Ke2 Nf4+ 60. Ke1 1/2-1/2

[Event "*** Titled Tuesday Blitz"]
[Site "Chess.com"]
[Date "2021.04.27"]
[Round "6"]
[White "A-S-00"]
[Black "Ajedrez_con_German"]
[Result "0-1"]
[WhiteElo "2321"]
[BlackElo "2520"]
[TimeControl "180+1"]
[EndTime "11:07:46 PDT"]
[Termination "Ajedrez_con_German won by resignation"]

1. e4 e6 2. d4 d5 3. e5 c5 4. c3 Nc6 5. Nf3 Qb6 6. a3 c4 7. g3 Na5 8. Nbd2 Bd7 9. Bg2 Ne7 10. O-O Qc7 11. Rb1 h6 12. h4 Nc8 13. Re1 Nb6 14. Nf1 Ba4 15. Qe2 O-O-O 16. N1h2 Kb8 17. Bf4 Be7 18.
h5 Rdg8 19. g4 Ka8 20. Bg3 Qd8 21. Kh1 g6 22. Nf1 gxh5 23. gxh5 Bg5 24. Bh3 Be8 25. N3h2 Nb3 26. Ng4 Nd7 27. a4 Bh4 28. f3 Bxg3 29. Nxg3 Qh4 30. Qh2 Nd2 31. Qxd2 Qxg3 32. Qg2 Qh4 33.
Qh2 Qxh5 34. Rg1 Qh4 35. Ne3 Qe7 36. Rg2 f6 37. exf6 Nxf6 38. Qe5 Rxg2 39. Kxg2 Rf8 40.
Qxe6 Qg7+ 41. Kf2 Rg8 42. Ng4 Nxg4+ 43. Qxg4 Bc6 44. Qxg7 Rxg7 45. Re1 Kb8 46. Re5 Kc7 47. Rh5 Rg6 48. Bf5 Rf6 49. a5 b6 50. axb6+ Kxb6 51. Bg4 Kb5 52. Kg3 Ka4 53. Rh1 Kb3 54. Ra1 Kxb2 55. Rxa7 Kxc3 56. Ra6 Kxd4 57. Bd7 Kc5 58. Bxc6 Rxc6 59. Ra2 d4 60. Kf4 c3 61. Ke4 Re6+ 62.
Kd3 Re3+ 63. Kc2 Re2+ 0-1

[Event "*** Titled Tuesday Blitz"]
[Site "Chess.com"]
[Date "2021.04.27"]
[Round "6"]
[White "OlegKrivonosov"]
[Black "Lion-Al-Messi"]
[Result "1/2-1/2"]
[WhiteElo "2670"]
[BlackElo "2495"]
[TimeControl "180+1"]
[EndTime "11:07:48 PDT"]
[Termination "Game drawn by repetition"]

1. Nf3 d5 2. d4 Nf6 3. c4 c6 4.
cxd5 cxd5 5. Nc3 Nc6 6. Bf4 Bf5 7. e3 e6 8. Qb3 Bb4 9. Bb5 O-O 10. Bxc6 Bxc3+ 11. Qxc3 bxc6 12. Bg5 Rc8 13. O-O h6 14. Bxf6 Qxf6 15. Ne5 Qd8 16. Rfc1 Kh7 17. Qc5 Rc7 18. b4 a6 19. a4 Re8 20. b5 axb5 21. axb5 Qg5 22. Kh1 Rb8 23. Nxc6 Rbc8 24. Qd6 h5 25. Qg3 Qf6 26. Rc5 h4 27. Qf3 h3 28. Kg1 hxg2 29.
Rac1 Qh6 30. Qg3 Be4 31. h4 Rb7 32. Qg5 Ra8 33. Qxh6+ Kxh6 34. Ne5 Ra2 35. f3 Bd3 36.
R5c3 Bf5 37. Rb3 Ra5 38. b6 Ra6 39. Nd7 Rxd7 40. b7 Rxb7 41. Rxb7 Bg6 42. Rb2 Ra3 43. Re1 Rd3 44. Rxg2 Kh5 45. Rg3 Rd2 46. Rg2 Rxg2+ 47. Kxg2 Kxh4 48. Kf2 Kg5 49. Rc1 Kf6 50. Kg3 Bf5 51. Rc6 g5 52. Kf2 Kg6 53. Rc7 g4 54.
fxg4 Bxg4 55. Kg3 Bf5 56. Kf4 Kf6 57. Ra7 Be4 58. Ra5 Bf5 59. Rc5 Be4 60. Rc1 Bf5 61. Rg1 Be4 62. Rg3 Bf5 63. Rg1 Be4 64. Rg3 Bf5 65.
Rg1 1/2-1/2

[Event "*** Titled Tuesday Blitz"]
[Site "Chess.com"]
[Date "2021.04.27"]
[Round "6"]
[White "Gusarov91"]
[Black "Keks2017"]
[Result "1-0"]
[WhiteElo "2619"]
[BlackElo "2466"]
[TimeControl "180+1"]
[EndTime "11:07:48 PDT"]
[Termination "Gusarov91 won on time"]

1. d4 d6 2. Nf3 Nf6 3. c4 Nbd7 4. g3 g6 5. Bg2 Bg7 6. Nc3 O-O 7. O-O e5 8. b3 Re8 9. e3 c6 10. Ba3 Bf8 11. Qc2 a6 12. dxe5 dxe5 13. Bxf8 Kxf8 14. Rad1 Qe7 15. Na4 Kg7 16. c5 e4 17. Nd2 h5 18.
Qc3 Kg8 19. Nc4 Ne5 20. Nxe5 Qxe5 21. Qxe5 Rxe5 22. Nb6 Rb8 23. Rd8+ Re8 24. Rxe8+ Nxe8 25. Bxe4 Bg4 26. f3 Be6 27. Rd1 Nc7 28. Kf2 Kg7 29. Rd2 Re8 30. Bd3 g5 31. Bc4 g4 32. f4 Bf5 33. Rd6 Re7 34. b4 Ne8 35. Rd8 Nf6 36. Bd3 Bxd3 37. Rxd3 Ne4+ 38. Ke2 Kg6 39. Nc4 f6 40. Nd6 f5 41. a3 Nf6 42. Nc4 Nd5 43.
Ne5+ Kf6 44. Kd2 h4 45. Rd4 Rh7 46. e4 fxe4 47. Nxg4+ Kf5 48. Ne3+ Nxe3 49. Kxe3 hxg3 50. hxg3 Rh3 51. Kf2 Rh2+ 52. Kg1 Ra2 53. Rd7 Kg4 54. Rg7+ Kf3 55. f5 e3 56. f6 Ra1+ 57. Kh2 Ra2+ 58. Kh3 Ra1 59. Kh4 Rh1+ 60. Kg5 Kxg3 61. Re7 Rg1 62. Rxe3+ Kf2+ 63. Kf4 1-0

[Event "*** Titled Tuesday Blitz"]
[Site "Chess.com"]
[Date "2021.04.27"]
[Round "6"]
[White "ChronicUnhappiness"]
[Black "metalbattler"]
[Result "1-0"]
[WhiteElo "2320"]
[BlackElo "2162"]
[TimeControl "180+1"]
[EndTime "11:07:48 PDT"]
[Termination "ChronicUnhappiness won by resignation"]

1. d3 d5 2. Nf3 c6 3. g3 Bg4 4.
Bg2 e6 5. O-O Nd7 6. c4 Ngf6 7.
cxd5 exd5 8. Nc3 Bd6 9. e4 dxe4 10. dxe4 Qe7 11. h3 Bh5 12. Qb3 Nc5 13. Qc2 O-O 14.
Re1 Bc7 15. e5 Bxf3 16. Bxf3 Rfe8 17. Bg5 Bxe5 18. Ne4 Ncxe4 19. Rxe4 Qc7 20. Re2 h6 21. Bxf6 Bxf6 22. Rae1 Rxe2 23. Qxe2 Rd8 24. b3 Qd6 25. h4 Qd2 26. Kg2 Qxe2 27. Rxe2 g6 28. h5 Kg7 29. hxg6 fxg6 30. Bg4 Rf8 31. Rd2 Rf7 32. Be6 Re7 33. Bc8 a6 34. a4 h5 35. Kf3 c5 36. Rd5 Bd4 37. Rd7 Rxd7 38. Bxd7 b6 39. Bc8 a5 40. Be6 Kf6 41. Bc4 g5 42. Kg2 h4 43.
gxh4 gxh4 44. f3 Kg5 45. Kh3 Bf2 46. Bd5 Bg3 47. Bc6 Kf4 48. Bd5 Ke3 49. Bc6 Kd2 50. Bd5 Kc3 51. Kg4 Kd4 52. Bc4 Ke3 53. Bd5 Kf2 54. f4 Ke3 55. f5 Kd4 56. Bc4 Ke5 57. Bf1 Be1 58. Kg5 Bd2+ 59. Kg6 Kd6 60. f6 Ke6 61.
Bh3+ Kd6 62. Kf7 Bc3 63. Kg6 Kc7 64. f7 Kd6 65. Kh7 1-0

[Event "*** Titled Tuesday Blitz"]
[Site "Chess.com"]
[Date "2021.04.27"]
[Round "6"]
[White "Twitch_ElhamBlitz05"]
[Black "WildBizon"]
[Result "1-0"]
[WhiteElo "2853"]
[BlackElo "2660"]
[TimeControl "180+1"]
[EndTime "11:07:49 PDT"]
[Termination "Twitch_ElhamBlitz05 won by checkmate"]

1. e4 c5 2. Nf3 Nc6 3. b4 cxb4 4. d4 d5 5. exd5 Qxd5 6. c4 Qd8 7.
d5 Na5 8. Bd3 g6 9. Bb2 Nf6 10.
O-O Bg7 11. Qa4+ Bd7 12. Qxb4 O-O 13. Nbd2 Qb6 14. Bc3 Qxb4 15. Bxb4 b6 16. Bxe7 Rfc8 17. Ne5 Be8 18. Rae1 Nd7 19. Nxd7 Bxd7 20. Bb4 Nb7 21. Nb3 a5 22. Ba3 a4 23. Nd2 Na5 24. Rb1 Bc3 25. Ne4 Nxc4 26. Be7 b5 27. Nxc3 Nd2 28. Nxb5 Nxb1 29. Rxb1 Rab8 30. Kf1 Bxb5 31. Bxb5 Rc2 32. a3 Kg7 33. Ke1 f5 34. d6 Kf7 35. Kd1 Rcc8 36. Bc4+ Ke8 37. Rxb8 Rxb8 38. Kc2 Kd7 39. Kc3 Rc8 40. Kb4 Rb8+ 41. Bb5+ Ke6 42. Kxa4 Ra8+ 43. Kb4 f4 44. a4 g5 45. a5 g4 46. f3 h5 47. a6 h4 48. Ka5 h3 49. gxh3 g3 50. hxg3 fxg3 51. Bf1 Kd7 52. Kb6 Rb8+ 53. Kc5 Rb1 54.
a7 Ra1 55. Kb6 Rb1+ 56. Bb5+ Rxb5+ 57. Kxb5 g2 58. a8=Q g1=Q 59. Qc6+ Ke6 60. Qc4+ Kd7 61. Qc7+ Ke6 62. Qc8+ Kf7 63. Qf5+ Ke8 64. Qc8+ Kf7 65. Qc5 Qb1+ 66. Kc6 Qe1 67. Qd5+ Ke8 68. Qg8# 1-0

[Event "*** Titled Tuesday Blitz"]
[Site "Chess.com"]
[Date "2021.04.27"]
[Round "6"]
[White "Ze-Pequeno"]
[Black "korkmaz16"]
[Result "0-1"]
[WhiteElo "2221"]
[BlackElo "2423"]
[TimeControl "180+1"]
[EndTime "11:07:50 PDT"]
[Termination "korkmaz16 won on time"]

1. e4 e6 2. d4 d5 3. Nc3 Nf6 4. Bg5 Be7 5. e5 Nfd7 6. h4 Bxg5 7. hxg5 Qxg5 8. Nh3 Qe7 9. Qg4 f5 10. Qh5+ g6 11. Qh6 a6 12. Ng5 Nf8 13. Ne2 c5 14. O-O-O Nc6 15. c3 Bd7 16. Kb1 O-O-O 17. Nf4 Kb8 18. Be2 cxd4 19. cxd4 Na5 20. Rc1 Bb5 21. Bxb5 axb5 22. Rc5 Nc6 23. Rhc1 Nxd4 24. Rc7 Nd7 25. a3 Nb3 26. R1c3 Nd4 27. Ka2 b4 28. axb4 Qxb4 29.
Ngxe6 Nxe6 30. Nxe6 Rc8 31. Rxc8+ Rxc8 32. Rxc8+ Kxc8 33. Qxh7 Qa4+ 34. Kb1 Qd1+ 35. Ka2 Qa4+ 36. Kb1 b6 37.
Qg8+ Kb7 38. Qd8 Nc5 39. Qc7+ Ka6 40. Nxc5+ bxc5 41. Qxc5 Qe4+ 42. Ka2 Qxe5 43. Qc6+ Ka7 44. Qxg6 d4 45. Qf7+ Kb6 46. Qc4 Qe4 47. Qb4+ Kc6 48.
Qc4+ Kd6 49. f3 Qe3 50. Qa6+ Ke5 51. Qb6 Qd3 52. Qc7+ Kf6 53. Qd6+ Kg5 54. Qg3+ Kf6 55. Qd6+ Kg5 56. b4 Qe2+ 0-1

[Event "*** Titled Tuesday Blitz"]
[Site "Chess.com"]
[Date "2021.04.27"]
[Round "6"]
[White "Zhigalko_Sergei"]
[Black "Beca95"]
[Result "0-1"]
[WhiteElo "2940"]
[BlackElo "2876"]
[TimeControl "180+1"]
[EndTime "11:07:51 PDT"]
[Termination "Beca95 won on time"]

1. e4 e5 2. Nf3 Nc6 3. Bb5 Nf6 4.
d3 Bc5 5. O-O Nd4 6. Nxd4 Bxd4 7. c3 Bb6 8. Nd2 c6 9. Ba4 Bc7 10. Nf3 O-O 11. Bg5 h6 12. Bh4 d6 13. d4 Qe7 14.
Re1 Bg4 15. h3 Bh5 16. Qd3 g5 17. Bg3 Bg6 18. Bc2 Rfe8 19. Rad1 exd4 20. Qxd4 Rad8 21. Qxa7 Bb8 22. Qb6 Nxe4 23. Nd2 d5 24. Bxb8 Rxb8 25. Bxe4 dxe4 26. Nc4 Rbd8 27. a4 h5 28. a5 g4 29.
hxg4 hxg4 30. g3 Qf6 31. Ne3 Qg5 32. Rxd8 Rxd8 33. Qxb7 Qxa5 34. Qxc6 Qg5 35. Ra1 Kg7 36. Ra8 Rd2 37. Qc8 Bh7 38. Qh8+ Kg6 39. Ra6+ f6 40. Nxg4 Rd1+ 41. Kg2 Kf5 42. Qxf6+ Kxg4 43. Qxg5+ Kxg5 44. Ra5+ Kf6 45. Ra4 Bf5 46. g4 Bg6 47. Kg3 Rd3+ 48.
Kg2 Kg5 49. Ra6 Bf7 50. Ra7 Bd5 51. Kh2 Kxg4 52. Rd7 Kf3 53. Kg1 Rd1+ 54. Kh2 Rd3 55.
Kg1 Bb3 56. Rf7+ Ke2 57. Re7 Bd5 58. Kg2 e3+ 59. Kg1 Rd1+ 60. Kh2 Kxf2 61. Rf7+ Bf3 0-1

[Event "*** Titled Tuesday Blitz"]
[Site "Chess.com"]
[Date "2021.04.27"]
[Round "6"]
[White "Witik"]
[Black "Manukyan_Artak"]
[Result "1/2-1/2"]
[WhiteElo "2688"]
[BlackElo "2455"]
[TimeControl "180+1"]
[EndTime "11:07:52 PDT"]
[Termination "Game drawn by repetition"]

1. d4 Nf6 2. c4 e6 3. g3 d5 4. Nf3 Nbd7 5. Bg2 dxc4 6. O-O Nb6 7. Nc3 Bb4 8. Qc2 c5 9. Rd1 cxd4 10. Nxd4 Qe7 11. e4 O-O 12. e5 Nfd5 13. Ne4 h6 14.
Qe2 f5 15. exf6 Nxf6 16. Nxf6+ Qxf6 17. Bf4 Bd7 18. Be5 Qf7 19. Be4 Nd5 20. Bc2 Bc6 21.
f4 Nf6 22. Nxc6 bxc6 23. Qxc4 Ba5 24. Kg2 Rfd8 25. h3 Rxd1 26. Rxd1 Re8 27. Qxc6 Bb6 28. Bb3 Kh8 29. Qf3 Qe7 30. Re1 Qc5 31. Bxf6 gxf6 32. Bxe6 f5 33. h4 Qc2+ 34. Kh3 Qf2 35. Qxf2 Bxf2 36.
Re2 Bd4 37. b3 Kg7 38. Kg2 Kf6 39. Bc4 Rxe2+ 40. Bxe2 a5 41. Bd3 Bc3 42. Kf3 Be1 43. Bc2 Ke6 44. h5 Kf6 45. g4 fxg4+ 46. Kxg4 Bd2 47.
Kf3 Bc1 48. Be4 Bb2 49. Bb7 Bc1 50. Ke4 Bd2 51. Bc8 Bc1 52. Bg4 Bd2 53. Be2 Bc1 54. f5 Bb2 55. Bd1 Bc1 56. Bc2 Bb2 57. Kd5 Kg5 58. Ke6 Bc3 59. Bd1 Bb2 60. Bc2 Bc3 61.
Kf7 Bb2 62. Ke6 1/2-1/2

[Event "*** Titled Tuesday Blitz"]
[Site "Chess.com"]
[Date "2021.04.27"]
[Round "6"]
[White "LifeIsAllAboutChess23"]
[Black "ExtremeLearner"]
[Result "0-1"]
[WhiteElo "2205"]
[BlackElo "2422"]
[TimeControl "180+1"]
[EndTime "11:07:52 PDT"]
[Termination "ExtremeLearner won on time"]

1. d4 d5 2. Bg5 h6 3. Bh4 Nf6 4. e3 c6 5. Bd3 Bg4 6. f3 Be6 7. c3 g5 8. Bf2 Bg7 9. Nd2 Nbd7 10. f4 Bg4 11. Ngf3 gxf4 12. exf4 Qb6 13. Qc2 c5 14. Ne5 c4 15. Bg6 Bh5 16. Nxf7 Qe6+ 17. Ne5+ Kd8 18. O-O Bxg6 19. Qxg6 Rg8 20. f5 Nxe5 21.
dxe5 Qxe5 22. Bd4 Qd6 23. Rae1 Kd7 24. Qf7 Raf8 25. Qe6+ Qxe6 26. fxe6+ Kc6 27. Nf3 Ne4 28. Bxg7 Rxf3 29. Rxf3 Rxg7 30. Rf7 Rg6 31. Rxe7 Kd6 32.
Rxb7 Rxe6 33. Rxa7 Ke5 34. h3 Rb6 35. Re7+ Kd6 36.
Rh7 Rxb2 37. Rxh6+ Kc5 38. a3 Nxc3 39. Rhe6 Ra2 40.
h4 Rxa3 41. h5 Ne4 42. h6 c3 43. h7 Ra8 44. R1xe4 dxe4 45. Rxe4 Rh8 46. Re7 Kd4 47. g4 c2 48. Rc7 Kd3 49. g5 Rxh7 50. Rc6 Rg7 51.
Kf2 Rxg5 52. Kf3 Rg1 53. Rd6+ Kc3 54. Rc6+ Kd2 55. Rd6+ Kc1 56. Ke2 Rd1 57. Rc6 Rd2+ 58. Ke3 Kd1 0-1

[Event "*** Titled Tuesday Blitz"]
[Site "Chess.com"]
[Date "2021.04.27"]
[Round "6"]
[White "SF-96"]
[Black "muthaiahchess"]
[Result "1-0"]
[WhiteElo "2600"]
[BlackElo "2386"]
[TimeControl "180+1"]
[EndTime "11:07:53 PDT"]
[Termination "SF-96 won on time"]

1. Nf3 Nf6 2. g3 d5 3. Bg2 c6 4.
O-O Bf5 5. d4 e6 6. c4 h6 7. Qb3 Qb6 8. Nc3 Nbd7 9. cxd5 exd5 10.
Be3 Bd6 11. Na4 Qxb3 12. axb3 O-O 13. Bf4 Bxf4 14. gxf4 Ne4 15. b4 Rfe8 16. e3 f6 17.
Nc5 Ndxc5 18. bxc5 g5 19. fxg5 hxg5 20. Rfd1 Bg4 21. Ra3 a6 22. b4 Kg7 23. Rc1 Rh8 24.
Ne1 Bh3 25. Bh1 Rae8 26. Nd3 Bf5 27. Rd1 g4 28. Nf4 Rh4 29. f3 Ng5 30. fxg4 Rxg4+ 31. Kf1 Rh8 32. Rd2 Be4 33. Bxe4 dxe4 34. Rg2 Rxg2 35.
Kxg2 Nf3 36. h3 Kf7 37. b5 axb5 38. Ra7 Rg8+ 39. Kf2 Rb8 40. d5 cxd5 41. Nxd5 Ke6 42. Nc3 f5 43. Nxb5 Kd5 44. Nc3+ Kxc5 45. Ne2 b5 46. Rf7 b4 47. Rxf5+ Kc4 48. Rf7 b3 49. Rc7+ Kb4 50. Nc3 b2 51. Nb1 Kb3 52. Re7 Ka2 53. Nc3+ Kb3 54. Nb1 Kc2 55. Na3+ Kd1 56. Rxe4 Rb3 57.
Nb1 Kc1 58. Kxf3 Kxb1 59. Rd4 1-0

[Event "*** Titled Tuesday Blitz"]
[Site "Chess.com"]
[Date "2021.04.27"]
[Round "6"]
[White "scandalgod"]
[Black "Chandradi"]
[Result "1-0"]
[WhiteElo "2590"]
[BlackElo "2376"]
[TimeControl "180+1"]
[EndTime "11:07:54 PDT"]
[Termination "scandalgod won by resignation"]

1. d4 Nf6 2. c4 e6 3. g3 d5 4.
Nf3 dxc4 5. Bg2 Bd7 6. Ne5 Bc6 7. Nxc6 Nxc6 8. Bxc6+ bxc6 9. Nc3 Bb4 10. Qa4 Qd6 11. Bf4 Bxc3+ 12. bxc3 Qd5 13. O-O Ne4 14. Rac1 Nd6 15. f3 O-O 16. e4 Qb5 17. Qc2 f5 18. Rb1 Qa5 19. e5 Nf7 20. Rb4 Rab8 21. Rfb1 Rxb4 22.
Rxb4 Qd5 23. Qe2 c5 24. Rb5 Qd7 25. Rxc5 Qa4 26. Rxc4 Qb5 27. Kf2 c6 28. Rb4 Qd5 29. Be3 g5 30. Qc4 Qd7 31. Qc5 Kg7 32. Ra4 Ra8 33.
Rb4 h6 34. Rc4 Rc8 35. Rb4 Qd5 36. a4 Qxc5 37. dxc5 Nxe5 38. Rb7+ Kg6 39. Rxa7 f4 40. Bd4 Nd3+ 41. Ke2 Nc1+ 42. Kd1 Nb3 43. gxf4 gxf4 44. Kc2 Nxd4+ 45. cxd4 Kf5 46. Kc3 Rg8 47. Rf7+ Kg5 48.
Re7 Kf6 49. Rh7 Rg2 50. Rxh6+ Kf5 51. Kb4 Rb2+ 52. Ka5 Rf2 53. Kb6 Rxf3 54. Kxc6 Ra3 55. Kd6 f3 56. Rh5+ Kf4 57. Rh8 f2 58. Rf8+ Ke3 59.
Kxe6 Ke2 60. Rxf2+ Kxf2 61. d5 Rxa4 62. c6 Kg2 63. c7 Rc4 64. d6 Kxh2 65. d7 Re4+ 66. Kd5 1-0